 Dungeon Crawl Stone Soup version 0.16.1-4-g8e1b745 (webtiles) character file.

16 siprus the Sneak (level 2, 0/13 HPs)
             Began as a Spriggan Enchanter on Mar 27, 2015.
             Slain by Terence
             ... wielding a +0 mace
              (8 damage)
             ... on level 2 of the Dungeon.
             The game lasted 00:03:04 (780 turns).

siprus the Sneak (Spriggan Enchanter)                Turns: 780, Time: 00:03:04

Health: 0/13       AC:  3    Str:  4    XL:     2   Next: 37%
Magic:  1/7        EV: 18    Int: 16    God:
Gold:   40         SH:  0    Dex: 16    Spells: 2 memorised, 3 levels left

rFire  . . .     SeeInvis +     a - +1 dagger
rCold  . . .     Clarity  .     b - +1 robe
rNeg   . . .     SustAb   .     (shield restricted)
rPois  .         Gourm    .     (helmet restricted)
rElec  .         Spirit   .     (no cloak)
rCorr  .         Warding  .     (gloves unavailable)
rMut   .         Stasis   .     (boots unavailable)
MR     .....                    (no amulet)
Stlth  +++.......               (no ring)
                                (no ring)

@: very slightly contaminated, very quick, not resistant to hostile
enchantments, fairly stealthy
A: unfitting armour, see invisible, herbivore 3, speed 3, slow metabolism 2
a: no special abilities


You were on level 2 of the Dungeon.
You were not hungry.

You visited 1 branch of the dungeon, and saw 2 of its levels.

You collected 40 gold pieces.

Inventory:

Hand weapons
 a - a +1 dagger (weapon)
Armour
 b - a +1 robe (worn)
Scrolls
 g - a scroll of amnesia {unknown}
 h - a scroll of immolation {unknown}
 i - a scroll of identify {unknown}
 j - a scroll of teleportation {unknown}
Potions
 e - 4 potions of curing {unknown}
 k - a potion of lignification {unknown}
 l - a potion of might {unknown}
Books
 c - a book of Maledictions

   Spells                             Type                      Level
   a - Corona                         Hexes                        1
   b - Sure Blade                     Hexes/Charms                 2
   c - Ensorcelled Hibernation        Hexes/Ice                    2
   d - Confuse                        Hexes                        3
   e - Dazzling Spray                 Conjuration/Hexes            3
   f - Enslavement                    Hexes                        4
Comestibles
 d - a bread ration
 f - 5 fruits


   Skills:
 + Level 1.9 Short Blades
 + Level 3.0 Dodging
 * Level 4.8 Stealth
 * Level 2.8 Spellcasting
 * Level 3.8 Hexes


You had 3 spell levels left.
You knew the following spells:

 Your Spells              Type           Power        Failure   Level  Hunger
a - Corona                Hex            ##.....      4%          1    #......
b - Ensorcelled Hibernat  Hex/Ice        #.....       14%         2    ##.....


Dungeon Overview and Level Annotations

Branches:
Dungeon (2/15)

Altars:

Annotations:
D:2 Terence


Innate Abilities, Weirdness & Mutations

You are tiny and cannot use many weapons and most armour.
You have supernaturally acute eyesight.
You are a herbivore.
You cover ground extremely quickly.
You need consume almost no food.


Message History

You miscast Ensorcelled Hibernation.
You are very lightly contaminated with residual magic.
The light around you dims momentarily. The kobold barely misses you.
You hit the kobold.
You kill the kobold!
You closely miss Terence. Terence barely misses you.
Casting: Ensorcelled Hibernation
Confirm with . or Enter, or press ? or * to list all spells.
Aiming: Ensorcelled Hibernation
Press: ? - help, Shift-Dir - straight line, f - Terence
Aim: Terence, wielding a mace and wearing a shiny chain mail (chance 49%) Terence is unaffected.
Terence hits you with a mace.
Casting: Ensorcelled Hibernation
Confirm with . or Enter, or press ? or * to list all spells.
Aiming: Ensorcelled Hibernation
Press: ? - help, Shift-Dir - straight line, f/p - Terence
Aim: Terence, wielding a mace and wearing a shiny chain mail (chance 49%) Terence is unaffected.
Terence hits you with a mace!
Ouch! That really hurt!
You die...

...##########
...#........## ######
.......)......# #.....
.........(...# #...!.
..####...###.########....S
.........@@.....(.........
...#####.###......###.....
#<# ###...@........ #.#
###.....###.. #.#
#........# ...
...........#
..............#..
##.#####.....#..... #.#
...#..$.....


You could see Terence.

Vanquished Creatures
  2 bats (D:1)
  A goblin (D:1)
  A hobgoblin (D:2)
  4 jackals (D:1)
  A giant gecko (D:1)
  2 giant newts (D:1)
  2 kobolds
  3 rats (D:1)
16 creatures vanquished.

Notes
Turn   | Place    | Note
--------------------------------------------------------------
     0 | D:1      | siprus, the Spriggan Enchanter, began the quest for the Orb.
     0 | D:1      | Reached XP level 1. HP: 9/9 MP: 4/4
   387 | D:1      | Reached XP level 2. HP: 13/13 MP: 7/7
   750 | D:2      | Noticed Terence
   772 | D:1      | Learned a level 2 spell: Ensorcelled Hibernation
   780 | D:2      | Slain by Terence

Action                   || total
-------------------------++-------
Melee: Dagger            ||    51
 Cast: Ensorcelled Hiber ||     2
 Stab: Sleeping          ||     5
